 Dungeon Crawl Stone Soup version 0.28-a0-1087-gf3fc490d9d (webtiles) character file.

Game seed: 7849415619607316502

1290 ducksouse the Grave Robber (level 8, -12/57 HPs)
             Began as a Human Necromancer on Dec 11, 2021.
             Killed by nerve-wracking pain
             ... invoked by an orc priest
              (13 damage)
             ... on level 6 of the Dungeon.
             The game lasted 00:33:33 (7029 turns).

ducksouse the Grave Robber (Human Necromancer)      Turns: 7029, Time: 00:33:34

Health: -12/57     AC:  2    Str:  8      XL:     8   Next: 86%
Magic:  0/14       EV: 13    Int: 20      God:
Gold:   246        SH:  4    Dex: 13 (15) Spells: 6/16 levels left

rFire   . . .      SeeInvis .   c - +6 dagger (venom)
rCold   . . .      Faith    .   d - +0 buckler of Hubris {Rampage Int+3}
rNeg    . . .      Spirit   +   a - +0 robe
rPois   .          Reflect  .   (no helmet)
rElec   .          Harm     .   (no cloak)
rCorr   .          Rampage  +   (no gloves)
Will    .....                   (no boots)
Stlth   ++........              m - amulet of guardian spirit
HPRegen 0.19/turn               (no ring)
MPRegen 0.14/turn               (no ring)

@: lethally poisoned (-12 -> -24), about to teleport
A: no striking features
a: no special abilities


You were on level 6 of the Dungeon.
You visited 1 branch of the dungeon, and saw 6 of its levels.

You collected 324 gold pieces.
You spent 78 gold pieces at shops.

Inventory:

Hand Weapons
 c - a +6 dagger of venom (weapon)
 f - a +0 club
Missiles
 q - 18 sling bullets
 r - 3 boomerangs
Armour
 a - a +0 robe (worn)
 d - the +0 buckler of Hubris (worn) {Rampage Int+3}
   (You acquired it on level 2 of the Dungeon)

   Int:       It affects your intelligence (+3).
   Rampage:   It bestows one free step when moving towards enemies.
 e - a +0 scale mail
Jewellery
 i - an amulet of regeneration
 m - an amulet of guardian spirit (around neck)
Wands
 j - a wand of charming (11)
Scrolls
 b - a scroll of fog {unknown}
 h - 2 scrolls of amnesia
 o - 2 scrolls of enchant armour {unknown}
Potions
 g - 2 potions of brilliance
 k - a potion of lignification
 p - a potion of attraction {unknown}
 t - a potion of flight {unknown}


   Skills:
 + Level 2.3 Fighting
 + Level 3.3(3.5) Short Blades
 + Level 1.5(2.6) Long Blades
 + Level 1.5(2.2) Axes
 + Level 1.5(2.2) Maces & Flails
 + Level 1.5(2.2) Polearms
 + Level 1.5(2.2) Staves
 + Level 1.5(2.0) Slings
 + Level 1.5 Bows
 + Level 1.5 Crossbows
 + Level 1.9(2.2) Throwing
 + Level 2.0 Armour
 + Level 4.1 Dodging
 + Level 3.8 Stealth
 + Level 2.1 Shields
 + Level 1.8 Unarmed Combat
 + Level 4.5 Spellcasting
 + Level 2.2 Conjurations
 + Level 1.5 Hexes
 + Level 1.5 Summonings
 + Level 6.1 Necromancy
 + Level 1.5 Translocations
 + Level 1.5 Transmutations
 + Level 1.5 Fire Magic
 + Level 1.5 Ice Magic
 + Level 1.5 Air Magic
 + Level 1.5 Earth Magic
 + Level 1.5 Poison Magic
 + Level 2.6 Invocations
 + Level 2.0 Evocations


You had 6 spell levels left.
You knew the following spells:

 Your Spells              Type           Power      Damage    Failure   Level
a - Pain                  Necr           100%       1d9       1%          1
b - Animate Skeleton      Necr           58%        N/A       1%          1
c - Vampiric Draining     Necr           29%        2d8       3%          3
d - Animate Dead          Necr           14%        N/A       12%         4
e - Freeze                Ice            40%        1d6       9%          1

Your spell library contained the following spells:

 Spells                   Type           Power      Damage    Failure   Level
 Summon Small Mammal      Summ           40%        N/A       9%          1
 Frozen Ramparts          Ice            20%        1d4       24%         3
 Call Canine Familiar     Summ           10%        N/A       26%         3
 Gell's Gravitas          Tloc           10%        N/A       26%         3
 Lesser Beckoning         Tloc           10%        N/A       26%         3
 Summon Guardian Golem    Hex/Summ       10%        N/A       26%         3
 Teleport Other           Tloc           10%        N/A       26%         3
 Agony                    Necr           29%        N/A       34%         5
 Hailstorm                Conj/Ice       12%        3d5       56%         4
 Ice Form                 Ice/Tmut       10%        N/A       63%         4
 Summon Ice Beast         Ice/Summ       10%        N/A       63%         4


Dungeon Overview and Level Annotations

Branches:
Dungeon (6/15)
 Temple: D:4-7

Altars:

Shops:
D:2 :   D:3 !

Annotations:
D:6 3 runed translucent doors, porpoise's ghost, novice OpTm


Message History

The orc warrior barely misses you. The orc hits you but does no damage. x2
You nearly hit yourself!
You feel less invigorated.
You feel less confused.
You feel sick.
You are no longer poisoned.
The orc hits you with a +1 short sword of venom.
The orc priest hits you but does no damage.
The orc warrior hits you but does no damage.
You block the orc's attack. The orc hits you but does no damage.
You hit the orc.
The orc is poisoned.
The orc is almost dead.
You feel less wooden.
Your +0 robe unmelds from your body.
You kill the orc!
The orc barely misses you.
The orc priest invokes the aid of Beogh against you.
Beogh smites you!
A magic dart appears from out of thin air!
The magic dart hits you!
* * * LOW HITPOINT WARNING * * *
You block the orc warrior's attack.
The orc hits you from afar with a +0 glaive!
* * * LOW HITPOINT WARNING * * *
Okay, then.
As you read the scroll of teleportation, it crumbles to dust.
You feel strangely unstable.
The orc hits you with a +1 short sword of venom.
* * * LOW HITPOINT WARNING * * *
You are lethally poisoned!
The orc priest misses you. You block the orc warrior's attack.
The orc closely misses you.
You barely miss something.
* * * LOW HITPOINT WARNING * * *
You feel sick.
The orc hits you with a +1 short sword of venom.
* * * LOW HITPOINT WARNING * * *
You are more poisoned.
The orc priest invokes the aid of Beogh against you.
Pain shoots through your body!
You die...

# ##..##.... # #...... #
...... ##### # #...(# #....
..#.####### #.... ###........
#.... #######...##### #....
#.#.#Z#...oo.## #....
..#....W#..##@o.##############
o.##)..Z+....))..........#
..#.!..Z+..o..##.#######.# ##
#.##...Z+..#...#.#### #.####.
#.#....Z#..##..#....# #...##.
####.#.#.#.#..##........
###....
....)#######..##.#######
#.....# #............#.##
#....##.## #######....o....#
#.... #..


You could see a spectral centaur, an orc warrior, an orc priest, a centaur
simulacrum, a howler monkey simulacrum, 2 orcs, a centaur zombie and a wyvern
skeleton.

Vanquished Creatures
  2 black bears (D:5)
  2 ice beasts
  An ogre (D:5)
  A phantom (D:6)
  A centaur (D:5)
  A scorpion (D:5)
  2 water moccasin skeletons
  A centaur zombie (D:5)
  A bullfrog zombie (D:5)
  A jelly (D:4)
  2 hounds
  A centaur skeleton (D:5)
  Ijyb (D:4)
  An iguana (D:5)
  2 orc wizards (D:5)
  A hound skeleton (D:5)
  3 gnolls (D:4)
  3 adders
  A dart slug (D:3)
  9 orcs
  8 ball pythons
  An endoplasm (D:4)
  4 giant cockroaches
  4 goblins
  4 hobgoblins
  6 jackals
  4 kobolds
  2 quokkas
  7 bats
  2 frilled lizards
  3 rats
82 creatures vanquished.

Vanquished Creatures (collateral kills)
  A hound skeleton (D:3)
  A gnoll (D:4)
  A ball python (D:1)
3 creatures vanquished.

Grand Total: 85 creatures vanquished

Notes
Turn   | Place    | Note
-------+----------+-------------------------------------------
     0 | D:1      | ducksouse the Human Necromancer began the quest for the
                  | Orb.
     0 | D:1      | Reached XP level 1. HP: 13/13 MP: 3/3
     5 | D:1      | Learned a level 1 spell: Animate Skeleton
   145 | D:1      | Found a faded altar of an unknown god.
  1029 | D:1      | Reached XP level 2. HP: 14/19 MP: 0/5
  1585 | D:2      | Identified a scroll of acquirement
  1592 | D:2      | Acquired the +0 buckler of Hubris {Rampage Int+3}
  1824 | D:2      | Reached XP level 3. HP: 13/24 MP: 0/6
  1946 | D:2      | Found Buqapipt's Book Emporium.
  1974 | D:2      | Learned a level 3 spell: Vampiric Draining
  2415 | D:3      | Found Fagoeff's Distillery.
  3047 | D:3      | Reached XP level 4. HP: 19/31 MP: 3/8
  3336 | D:3      | Bought a potion of curing for 39 gold pieces
  3336 | D:3      | Bought a potion of curing for 39 gold pieces
  3435 | D:4      | Noticed Ijyb
  3458 | D:4      | Reached skill level 1 in Fighting
  3458 | D:4      | Reached skill level 1 in Short Blades
  3458 | D:4      | Reached skill level 1 in Long Blades
  3458 | D:4      | Reached skill level 1 in Axes
  3458 | D:4      | Reached skill level 1 in Maces & Flails
  3458 | D:4      | Reached skill level 1 in Polearms
  3458 | D:4      | Reached skill level 1 in Staves
  3458 | D:4      | Reached skill level 1 in Slings
  3458 | D:4      | Reached skill level 1 in Bows
  3458 | D:4      | Reached skill level 1 in Crossbows
  3458 | D:4      | Reached skill level 1 in Throwing
  3458 | D:4      | Reached skill level 1 in Shields
  3458 | D:4      | Reached skill level 1 in Unarmed Combat
  3458 | D:4      | Reached skill level 1 in Hexes
  3458 | D:4      | Reached skill level 1 in Summonings
  3458 | D:4      | Reached skill level 5 in Necromancy
  3458 | D:4      | Reached skill level 1 in Translocations
  3458 | D:4      | Reached skill level 1 in Transmutations
  3458 | D:4      | Reached skill level 1 in Fire Magic
  3458 | D:4      | Reached skill level 1 in Ice Magic
  3458 | D:4      | Reached skill level 1 in Air Magic
  3458 | D:4      | Reached skill level 1 in Earth Magic
  3458 | D:4      | Reached skill level 1 in Poison Magic
  3458 | D:4      | Reached skill level 1 in Evocations
  3458 | D:4      | Reached XP level 5. HP: 38/38 MP: 4/10
  3475 | D:4      | Killed Ijyb
  3476 | D:4      | Reached XP level 6. HP: 44/44 MP: 3/11
  4539 | D:4      | Learned a level 4 spell: Animate Dead
  4541 | D:4      | Learned a level 1 spell: Freeze
  4766 | D:5      | Entered Level 5 of the Dungeon
  4774 | D:5      | Reached XP level 7. HP: 41/49 MP: 9/12
  4879 | D:5      | Reached XP level 8. HP: 40/56 MP: 11/14
  5832 | D:5      | Reached skill level 6 in Necromancy
  6921 | D:6      | Found a runed translucent gate.
  6921 | D:6      | Found a runed translucent gate.
  6921 | D:6      | Found a runed translucent gate.
  6928 | D:6      | Noticed porpoise's ghost (novice OpTm)
  7029 | D:6      | HP: 2/57 [poisoned by an orc]
  7029 | D:6      | Killed from afar by an orc priest

Illustrated notes

Levels and vault maps discovered:
D:1:      sevenhm_arrival_forest_fort_small_4, layout_basic,
          hellmonk_ecumenical_altar_crossroads
D:2:      minmay_angry_zag, layout_loops_ring, serial_shops,
          nicolae_shop_hallway_stairs
D:3:      minmay_bubble_buster, layout_rooms, serial_shops,
          nicolae_diamond_shop, minmay_cupped
D:4:      layout_basic, uniq_ijyb
D:5:      layout_basic, chequers_ossuary_entry_cave
D:6:      layout_rooms, gammafunk_ghost_necromancy, kennysheep_cross_bottleneck,
          roderic_serpentine_path, nicolae_elevator_lobby_plus

Skill      XL: |  1  2  3  4  5  6  7  8 |
---------------+-------------------------+-----
Fighting       | 1 2 |  2.3
Short Blades   | 1 2 3 |  3.3
Long Blades    | 1 |  1.5
Axes           | 1 |  1.5
Maces & Flails | 1 |  1.5
Polearms       | 1 |  1.5
Staves         | 1 |  1.5
Slings         | 1 |  1.5
Bows           | 1 |  1.5
Crossbows      | 1 |  1.5
Throwing       | 1 |  1.9
Armour         | 2 |  2.0
Dodging        | 3 4 |  4.1
Stealth        | 3 |  3.8
Shields        | 1 2 |  2.1
Unarmed Combat | 1 |  1.8
Spellcasting   | 3 4 |  4.5
Conjurations   | 2 |  2.2
Hexes          | 1 |  1.5
Summonings     | 1 |  1.5
Necromancy     | 5 6 |  6.1
Translocations | 1 |  1.5
Transmutations | 1 |  1.5
Fire Magic     | 1 |  1.5
Ice Magic      | 1 |  1.5
Air Magic      | 1 |  1.5
Earth Magic    | 1 |  1.5
Poison Magic   | 1 |  1.5
Invocations    | 2 |  2.6
Evocations     | 1 2 |  2.0

Action                   |  1- 3 |  4- 6 |  7- 9 || total
-------------------------+-------+-------+-------++-------
Melee: Unarmed           |    17 |     3 |       ||    20
       Dagger            |       |    26 |    93 ||   119
Throw: Boomerang         |       |       |    18 ||    18
 Cast: Pain              |    65 |    20 |    12 ||    97
       Animate Skeleton  |     6 |     1 |     1 ||     8
       Vampiric Draining |       |       |     5 ||     5
       Freeze            |       |       |     4 ||     4
Evoke: Wand              |       |     2 |    10 ||    12
  Use: Scroll            |     6 |     4 |     4 ||    14
       Potion            |     1 |     5 |     7 ||    13
 Stab: Sleeping          |       |     3 |       ||     3
Armor: Robe              |     5 |     4 |    16 ||    25
       Skin              |       |    13 |    44 ||    57
Dodge: Dodged            |    49 |    13 |    79 ||   141
Block: Buckler           |     4 |    10 |    36 ||    50

Table legend: (Time is in decaauts)
 A = Elapsed time spent in this place.
 B = Non-inter-level travel time spent in this place.
 C = Inter-level travel time spent in this place.
 D = Time resting spent in this place.
 E = Time spent auto-exploring this place.
 F = Levels seen in this place.
 G = Mean time per level.
                   A        B        C        D        E       F      G
               +--------+--------+--------+--------+--------+-----+--------+
         Total |   7012 |   7012 |      0 |   1755 |   2379 |   6 | 1168.7 |
       Dungeon |   7012 |   7012 |      0 |   1755 |   2379 |   6 | 1168.7 |
               +--------+--------+--------+--------+--------+-----+--------+

Top non-repeatable levels by time:
     D:5: 1903 daAuts
     D:1: 1545 daAuts
     D:4: 1312 daAuts
     D:3: 1019 daAuts
     D:2: 880 daAuts
     D:6: 351 daAuts
